 Dungeon Crawl Stone Soup version 0.28-a0-474-g535839065c (webtiles) character file.

Game seed: 4179141299337449050

2595 Gwenloh the Carver (level 9, -6/64 HPs)
             Began as a Human Fighter on Sept 15, 2021.
             Was a Priest of Elyvilon.
             Mangled by a boulder beetle (21 damage)
             ... on level 7 of the Dungeon.
             The game lasted 00:20:04 (8360 turns).

Gwenloh the Carver (Human Fighter)                  Turns: 8360, Time: 00:20:04

Health: -6/64      AC:  7    Str: 22    XL:     9   Next: 89%
Magic:  12/13      EV:  9    Int:  9    God:    Elyvilon [***...]
Gold:   151        SH:  5    Dex: 16    Spells: 8/8 levels left

rFire   . . .      SeeInvis .   a - +0 long sword
rCold   . . .      Faith    .   c - +0 buckler
rNeg    . . .      Spirit   .   m - +0 scale mail
rPois   .          Reflect  .   (no helmet)
rElec   .          Harm     .   v - +0 cloak
rCorr   .          Rampage  .   (no gloves)
Will    .....                   (no boots)
Stlth   ..........              F - amulet of magic regeneration
HPRegen 0.20/turn               t - +4 ring of slaying
MPRegen 0.38/turn               H - +6 ring of strength

@: no status effects
A: no striking features
a: Renounce Religion, Lesser Healing, Heal Other, Purification, Divine
Protection


You were on level 7 of the Dungeon.
You worshipped Elyvilon.
Elyvilon was most pleased with you.
You visited 2 branches of the dungeon, and saw 8 of its levels.
You also visited: Sewer.

You collected 287 gold pieces.
You spent 136 gold pieces at shops.

Inventory:

Hand Weapons
 a - a +0 long sword (weapon)
 b - a +0 hunting sling
 D - a +0 rapier
Missiles
 i - 136 stones
 p - 14 poisoned darts (quivered)
 B - 4 javelins
 J - 18 sling bullets
 K - 2 boomerangs
Armour
 c - a +0 buckler (worn)
 m - a +0 scale mail (worn)
 v - a +0 cloak (worn)
 A - a +0 plate armour
 E - a +0 tower shield
Jewellery
 t - a +4 ring of slaying (left hand)
 C - a ring of protection from cold
 F - an amulet of magic regeneration (around neck)
 H - a +6 ring of strength (right hand)
Wands
 N - a wand of mindburst (12)
Scrolls
 f - 3 scrolls of teleportation
 j - 2 scrolls of enchant armour
 o - a scroll of silence {unknown}
 u - a scroll of fear {unknown}
 w - 2 scrolls of blinking
 x - 6 scrolls of fog
 G - a scroll of magic mapping {unknown}
 L - 2 scrolls of amnesia {unknown}
 M - a scroll of brand weapon {unknown}
Potions
 d - 2 potions of might
 e - a potion of haste {unknown}
 g - 2 potions of degeneration {unknown}
 h - 2 potions of flight {unknown}
 k - a potion of mutation {unknown}
 l - 3 potions of curing
 n - a potion of brilliance {unknown}
 q - 2 potions of ambrosia {unknown}
 r - 3 potions of heal wounds
 s - 3 potions of attraction {unknown}
 z - 3 potions of magic {unknown}
 I - a potion of lignification {unknown}
Miscellaneous
 y - a phial of floods


   Skills:
 + Level 3.6 Fighting
 * Level 10.8 Long Blades
 - Level 3.0 Armour
 + Level 3.5 Shields
 + Level 6.6 Invocations


You had 8 spell levels left.
You didn't know any spells.
Your spell library contained the following spells:

 Spells                   Type           Power      Damage    Failure   Level
 Apportation              Tloc           0%         N/A       75%         1
 Shock                    Conj/Air       0%         1d3       75%         1
 Corpse Rot               Necr/Air       N/A        N/A       86%         2
 Poisonous Vapours        Pois/Air       0%         N/A       86%         2
 Slow                     Hex            0%         N/A       86%         2
 Confusing Touch          Hex            0%         N/A       98%         3
 Swiftness                Air            0%         N/A       98%         3
 Vampiric Draining        Necr           0%         2d6       98%         3
 Airstrike                Air            0%         N/A       100%        4
 Summon Lightning Spire   Summ/Air       0%         N/A       100%        4
 Alistair's Intoxication  Tmut/Pois      0%         N/A       100%        5
 Lightning Bolt           Conj/Air       0%         1d11      100%        5
 Invisibility             Hex            0%         N/A       100%        6


Dungeon Overview and Level Annotations

Branches:
Dungeon (7/15)             Temple (1/1) D:4           Sewer (visited)

Altars:
Ashenzari
Cheibriados
Dithmenos
Elyvilon
Hepliaklqana
Kikubaaqudgha
Nemelex Xobeh
Okawaru
Sif Muna
Trog
Uskayaw
Vehumet
Wu Jian
Xom
Yredelemnul

Shops:
D:5 [!?*!


Message History

b - a +0 hunting sling (weapon)
A boulder beetle is nearby!
You shoot a stone.
The stone hits the boulder beetle but does no damage.
The boulder beetle is heavily wounded.
You shoot a stone.
The stone hits the boulder beetle but does no damage.
The boulder beetle is heavily wounded.
You shoot a stone.
The stone hits the boulder beetle but does no damage.
The boulder beetle is heavily wounded.
You shoot a stone.
The stone hits the boulder beetle but does no damage.
The boulder beetle is heavily wounded.
You shoot a stone. The stone hits the boulder beetle.
The boulder beetle is heavily wounded.
a - a +0 long sword (weapon)
You hit the boulder beetle.
The boulder beetle is heavily wounded.
The boulder beetle bites you but does no damage.
You slash the boulder beetle!
The boulder beetle is severely wounded.
The boulder beetle bites you!
You hit the boulder beetle.
The boulder beetle is severely wounded.
You block the boulder beetle's attack.
You hit the boulder beetle but do no damage.
The boulder beetle is severely wounded.
The boulder beetle bites you.
You hit the boulder beetle but do no damage.
The boulder beetle is severely wounded.
You completely miss the boulder beetle.
The boulder beetle is severely wounded.
The boulder beetle bites you!
You hit the boulder beetle but do no damage.
The boulder beetle is severely wounded.
The boulder beetle bites you!
* * * LOW HITPOINT WARNING * * *
You are healed.
The boulder beetle bites you!!
You die...

.... ....
..... ####
.(... #..#
....(.
#..###...(..
##.@B((((..(
##..#......
##..# .....
##...# ....
#....# #...
##....# .#..
#.....#
..##.
#.....##...#
##....#.....


You could see a boulder beetle.

Vanquished Creatures
  Prince Ribbit (D:5)
  Grinder (D:4)
  2 water moccasins
  An orc warrior (D:6)
  An ice beast (D:5)
  A sky beast (D:5)
  A necrophage (D:5)
  2 ogres
  2 centaurs
  2 bullfrogs (D:6)
  3 scorpions (D:6)
  A wyvern zombie (D:6)
  3 jellies
  A centaur skeleton (D:7)
  3 bullfrog skeletons
  A gnoll shaman (D:6)
  A hound (D:5)
  An orc priest (D:6)
  3 iguanas
  An orc wizard (D:5)
  2 hound skeletons
  A howler monkey skeleton (D:5)
  7 adders
  16 gnolls
  9 river rats (D:6)
  A shadow imp (D:5)
  An ufetubus (D:6)
  3 adder skeletons (D:4)
  2 worms (D:2)
  25 orcs
  8 endoplasms
  7 giant cockroaches
  8 goblins
  3 hobgoblins
  4 jackals
  8 kobolds
  12 quokkas
  6 ball pythons
  3 bats
  3 frilled lizards
  16 rats
177 creatures vanquished.

Notes
Turn   | Place    | Note
-------+----------+-------------------------------------------
     0 | D:1      | Gwenloh the Human Fighter began the quest for the Orb.
     0 | D:1      | Reached XP level 1. HP: 18/18 MP: 1/1
   111 | D:1      | Reached XP level 2. HP: 24/24 MP: 2/2
   262 | D:1      | Reached skill level 3 in Long Blades
   439 | D:1      | Reached XP level 3. HP: 29/29 MP: 3/3
   970 | D:2      | Found a faded altar of an unknown god.
  1236 | D:2      | Found a broken altar of Ashenzari.
  1262 | D:2      | Reached skill level 4 in Long Blades
  1262 | D:2      | Reached XP level 4. HP: 35/35 MP: 4/4
  1757 | D:2      | Reached XP level 5. HP: 36/41 MP: 5/5
  2184 | D:3      | Reached skill level 5 in Long Blades
  2313 | D:3      | Found a glowing drain.
  2340 | Sewer    | Entered a sewer
  2415 | Sewer    | Noticed a water moccasin
  2428 | Sewer    | Killed a water moccasin
  2429 | Sewer    | Reached skill level 6 in Long Blades
  2429 | Sewer    | Reached XP level 6. HP: 43/47 MP: 6/6
  2927 | D:4      | Found a staircase to the Ecumenical Temple.
  2947 | Temple   | Entered the Ecumenical Temple
  3064 | Temple   | Became a worshipper of Elyvilon the Healer
  3178 | D:4      | Found a hazy altar of Hepliaklqana.
  3234 | D:4      | Noticed an ogre
  3243 | D:4      | Killed an ogre
  3244 | D:4      | Reached skill level 1 in Invocations
  3244 | D:4      | Reached XP level 7. HP: 39/52 MP: 6/8
  3648 | D:4      | Noticed Grinder
  3850 | D:4      | Killed Grinder
  3851 | D:4      | Reached skill level 7 in Long Blades
  4055 | D:4      | Reached * piety under Elyvilon
  4183 | D:4      | Found a shimmering blue altar of Sif Muna.
  4328 | D:5      | Entered Level 5 of the Dungeon
  4344 | D:5      | Reached XP level 8. HP: 58/58 MP: 10/10
  4514 | D:5      | Reached skill level 8 in Long Blades
  4718 | D:5      | Found Ipny's Distillery.
  4728 | D:5      | Bought a potion of curing for 33 gold pieces
  4728 | D:5      | Bought a potion of heal wounds for 55 gold pieces
  5079 | D:5      | Noticed Prince Ribbit
  5093 | D:5      | Killed Prince Ribbit
  5094 | D:5      | Reached skill level 9 in Long Blades
  5157 | D:5      | Found Osation's Assorted Antiques.
  5211 | D:5      | Found Upteqell's Magic Scroll Boutique.
  5236 | D:5      | Reached skill level 5 in Invocations
  5236 | D:5      | Reached XP level 9. HP: 49/63 MP: 12/12
  5850 | D:5      | Found Gecrur's Distillery.
  5974 | D:5      | Found Quekismiuci's Antique Armour Shop.
  6269 | D:5      | Bought a scroll of identify for 24 gold pieces
  6269 | D:5      | Bought a scroll of identify for 24 gold pieces
  6346 | D:6      | Reached ** piety under Elyvilon
  6628 | D:6      | Reached skill level 10 in Long Blades
  7335 | D:6      | Found a sparkling altar of Nemelex Xobeh.
  7804 | D:6      | Reached *** piety under Elyvilon
  7809 | D:6      | Found an iron altar of Okawaru.
  8327 | D:7      | Noticed a boulder beetle
  8360 | D:7      | Mangled by a boulder beetle

Illustrated notes

Levels and vault maps discovered:
D:1:      dpeg_arrival_rooms_c, layout_loops_ring,
          minmay_misc_feat_four_crosses, chequers_avenue
D:2:      layout_basic, hellmonk_ecumenical_altar_zigzags, basic_altar
D:3:      layout_loops_ring, portal_sewer_entry_f
D:4:      layout_loops_corners, mainiacjoe_overflow_six_doors_small,
          led_sif_pool, minmay_temple_entry_ruins, uniq_grinder
D:5:      layout_loops_ring, serial_shops, shop, nicolae_lakefront_shop,
          nicolae_shop_behind_doors, nicolae_shop_trees, shop,
          uniq_prince_ribbit1
D:6:      lemuel_ratsnest, layout_layer_cave, nemelex_spade_bored_becter,
          okawaru_trees_1
D:7:      layout_cave_pods, kennysheep_little_box, minmay_misc_feat_cross,
          minivault_24, grunt_ministairs_7, kennysheep_generic_room_5
Temple:   zaba_magenta_temple

Skill      XL: |  1  2  3  4  5  6  7  8  9 |
---------------+----------------------------+-----
Long Blades    | 3 4 6 7 9 10 | 10.8
Invocations    | 1 3 5 6 |  6.6
Fighting       | |  3.6
Armour         | |  3.0
Shields        | |  3.5

Action                   |  1- 3 |  4- 6 |  7- 9 || total
-------------------------+-------+-------+-------++-------
Melee: Long sword        |    77 |    73 |   207 ||   357
 Fire: Hunting sling     |     1 |    58 |   241 ||   300
Throw: Stone             |    30 |       |       ||    30
       Dart              |       |     1 |    18 ||    19
Invok: Lesser Healing    |       |       |     5 ||     5
  Use: Scroll            |       |       |     4 ||     4
Armor: Scale mail        |    22 |    33 |    74 ||   129
Dodge: Dodged            |    31 |    39 |    61 ||   131
Block: Buckler           |    21 |    13 |    48 ||    82

Table legend: (Time is in decaauts)
 A = Elapsed time spent in this place.
 B = Non-inter-level travel time spent in this place.
 C = Inter-level travel time spent in this place.
 D = Time resting spent in this place.
 E = Time spent auto-exploring this place.
 F = Levels seen in this place.
 G = Mean time per level.
                   A        B        C        D        E       F      G
               +--------+--------+--------+--------+--------+-----+--------+
         Total |   8414 |   7915 |    499 |    315 |   6057 |   9 |  934.9 |
       Dungeon |   8096 |   7639 |    457 |    315 |   5885 |   7 | 1156.6 |
        Temple |    130 |     88 |     42 |      0 |     82 |   1 |  130.0 |
         Sewer |    186 |    186 |      0 |      0 |     90 |   1 |  186.0 |
               +--------+--------+--------+--------+--------+-----+--------+

Top non-repeatable levels by time:
     D:5: 2009 daAuts
     D:6: 1785 daAuts
     D:4: 1334 daAuts
     D:2: 1068 daAuts
     D:3: 927 daAuts
     D:1: 896 daAuts
   Sewer: 186 daAuts
  Temple: 130 daAuts
     D:7: 75 daAuts
